 Dungeon Crawl Stone Soup version 0.18.1-48-g4cf74bf (webtiles) character file.

3585 Heedrag the Destroyer (level 9, 0/50 HPs)
             Began as a Deep Elf Conjurer on Aug 27, 2016.
             Was a Follower of Vehumet.
             Killed from afar by an electric eel (13 damage)
             ... with a bolt of electricity
             ... on level 8 of the Dungeon.
             The game lasted 00:18:55 (7759 turns).

Heedrag the Destroyer (Deep Elf Conjurer)           Turns: 7759, Time: 00:18:56

Health: 0/50       AC:  4    Str:  8    XL:     9   Next: 85%
Magic:  22/23      EV: 12    Int: 19    God:    Vehumet [*.....]
Gold:   388        SH:  8    Dex: 15    Spells: 3 memorised, 15 levels left

rFire  + . .     SeeInvis .     s - +0 mace (drain)
rCold  . . .     Gourm    .     a - +0 robe
rNeg   . . .     Faith    .     C - +0 shield
rPois  .         Spirit   .     (no helmet)
rElec  .         Dismiss  .     K - +0 cloak
rCorr  .         Reflect  .     d - +0 pair of gloves
SustAt .         Harm     .     (no boots)
MR     .....                    (no amulet)
Stlth  ++........               G - ring of wizardry
                                k - ring of protection from fire

@: not resistant to hostile enchantments, unstealthy
A: dopey 1, regeneration 1, MP-powered wands
a: Renounce Religion


You were on level 8 of the Dungeon.
You worshipped Vehumet.
Vehumet was aware of your devotion.
You were very hungry.

You visited 2 branches of the dungeon, and saw 9 of its levels.

You collected 388 gold pieces.

Inventory:

Hand Weapons
 m - a +0 whip of freezing
 s - a +0 mace of draining (weapon)
 u - a +3 blowgun
 x - the cursed +0 dagger of Sharkskin {venom, Str+3, unknown}
   (You found it on level 4 of the Dungeon)

   It poisons the flesh of those it strikes.
   It affects your strength (+3).
   It has a curse placed upon it.
 z - the +1 flail of Anger {freeze, MR++, unknown}
   (You found it on level 5 of the Dungeon)

   It has been specially enchanted to freeze those struck by it, causing extra
   injury to most foes and up to half again as much damage against particularly
   susceptible opponents.
   It can also slow down cold-blooded creatures.
   It affects your resistance to hostile enchantments.
 M - a +0 whip of electrocution
Armour
 a - a +0 robe (worn)
 d - a +0 pair of gloves (worn)
 C - a +0 shield (worn)
 K - a +0 cloak (worn)
Jewellery
 k - a ring of protection from fire (left hand)
 G - a ring of wizardry (right hand)
 L - an uncursed ring of wizardry
Wands
 y - a wand of lightning (6/15)
 A - a wand of slowing (28/48)
Scrolls
 e - a scroll of recharging {unknown}
 g - 6 scrolls of random uselessness
 l - 2 scrolls of teleportation
 n - 4 scrolls of identify {unknown}
 o - 3 scrolls of noise
 q - 3 scrolls of remove curse
 r - a scroll of magic mapping {unknown}
 F - a scroll of amnesia {unknown}
 I - a scroll of fog {unknown}
Potions
 f - a potion of lignification {unknown}
 i - 3 potions of heal wounds {unknown}
 j - a potion of ambrosia {unknown}
 t - 4 potions of flight {unknown}
 v - a potion of haste
 w - 2 potions of curing {unknown}
 B - a potion of cure mutation {unknown}
 E - 2 potions of mutation {unknown}
 H - a potion of degeneration {unknown}
Books
 b - a book of Conjurations

   Spells                             Type                      Level
   a - Magic Dart                     Conjuration                  1
   b - Searing Ray                    Conjuration                  2
   c - Dazzling Spray                 Conjuration/Hexes            3
   d - Fulminant Prism                Conjuration/Hexes            4
   e - Iskenderun's Mystic Blast      Conjuration                  4
   f - Iskenderun's Battlesphere      Conjuration/Charms           5
 J - a book of the Dragon

   Spells                             Type                      Level
   a - Flame Tongue                   Conjuration/Fire             1
   b - Cause Fear                     Hexes                        4
   c - Bolt of Fire                   Conjuration/Fire             6
   d - Dragon Form                    Transmutation                7
   e - Dragon's Call                  Summoning                    9
Comestibles
 c - 7 bread rations
 h - 9 beef jerkies
 p - 5 meat rations
 D - a royal jelly


   Skills:
 + Level 3.0 Fighting
 + Level 5.0 Dodging
 - Level 2.4 Stealth
 + Level 2.5 Shields
 + Level 8.8 Spellcasting
 * Level 10.9 Conjurations
 + Level 8.2 Charms


You had 15 spell levels left.
You knew the following spells:

 Your Spells              Type           Power        Failure   Level  Hunger
a - Magic Dart            Conj           ####         1%          1    None
b - Iskenderun's Mystic   Conj           ######..     2%          4    ###....
c - Iskenderun's Battles  Conj/Chrm      #####...     10%         5    #####..


Dungeon Overview and Level Annotations

Branches:
Dungeon (8/15)             Temple (1/1) D:6
   Lair: D:8-11

Altars:
Ashenzari
Cheibriados
Dithmenos
Elyvilon
Fedhas
Gozag
Kikubaaqudgha
Makhleb
Nemelex Xobeh
Okawaru
Pakellas
Qazlal
Ru
Sif Muna
Trog
Vehumet
Xom
The Shining One

Shops:
D:5 :


Innate Abilities, Weirdness & Mutations

You are dopey. (Int -2)
Your natural rate of healing is unusually fast.
You expend magic power (3 MP) to strengthen your wands.


Message History

Tha bolt o' electricity hits tha orc.
Tha orc dies!
Ye hear a splash.
Tha bolt o' electricity hits tha plant.
Tha bolt o' electricity hits ye!
Tha bolt o' electricity misses ye.
Thar be a stone staircase leadin' up 'ere.
Tha electric eel shoots out a bolt o' lightnin' at ye!
Tha bolt o' electricity hits ye! x2
Castin': Magic Dart Confirm wit' . or Enter, or press ? or * ta list all spells.
Aimin': Magic Dart
Press: ? - help, Shift-Dir - straight line, f - electric eel
Aim: an electric eel Tha magic dart hits tha electric eel.
Tha electric eel be moderately wounded.
Tha electric eel shoots out a bolt o' lightnin' at ye!
Tha bolt o' electricity hits ye!
* * * LOW HITPOINT WARNIN'
* * * Tha bolt o' electricity hits ye!
Ye die...

..≈P.P
!.≈≈≈≈
#+#.≈≈♣
#..P)♣♣
#..P≈≈♣
#<#P;≈♣♣
#.#.P≈≈♣♣≈
#.#.P≈P≈P≈
#.@...P..≈
#######PP≈
##


You could see an electric eel.

Vanquished Creatures
  Pikel (D:7)
  Grinder (D:4)
  Menkaure (D:7)
  2 sky beasts
  2 ice beasts
  A necrophage (D:6)
  3 eyes of draining
  5 ogres
  2 centaurs (D:6)
  Blork the orc (D:4)
  6 giant frogs
  A scorpion (D:7)
  A crimson imp (D:7)
  5 hounds
  A jelly (D:6)
  3 orc priests
  A centaur skeleton (D:4)
  3 orc wizards
  6 worker ants
  Natasha (thrice) (D:3)
  A killer bee zombie (D:7)
  Robin (D:4)
  6 adders
  12 gnolls
  A howler monkey skeleton (D:5)
  2 shadow imps
  3 worms
  An adder skeleton (D:5)
  A dart slug (D:3)
  4 giant geckos
  11 orcs
  10 bats
  3 giant cockroaches
  14 goblins
  8 hobgoblins
  A jackal (D:4)
  3 quokkas
  2 ball pythons
  2 giant gecko zombies (D:6)
  5 giant newts
  14 kobolds
  15 rats
169 creatures vanquished.

Vanquished Creatures (others)
  A worker ant (D:7)
  An orc (D:8)
2 creatures vanquished.

Grand Total: 171 creatures vanquished

Notes
Turn   | Place    | Note
--------------------------------------------------------------
     0 | D:1      | Heedrag the Deep Elf Conjurer began the quest for the Orb.
     0 | D:1      | Reached XP level 1. HP: 10/10 MP: 6/6
   186 | D:1      | Reached XP level 2. HP: 15/15 MP: 4/8
   347 | D:1      | Reached skill level 5 in Conjurations
  1071 | D:2      | Reached XP level 3. HP: 19/19 MP: 5/10
  1173 | D:2      | Found a sacrificial altar of Ru.
  1187 | D:2      | Found an opulent altar of Gozag.
  1192 | D:2      | Found a shimmering altar of Xom.
  1201 | D:2      | Found a deep blue altar of Sif Muna.
  1206 | D:2      | Found a sparkling altar of Nemelex Xobeh.
  1213 | D:2      | Found a glowing golden altar of the Shining One.
  1218 | D:2      | Found an iron altar of Okawaru.
  1761 | D:2      | Found an ancient bone altar of Kikubaaqudgha.
  1839 | D:2      | Reached XP level 4. HP: 24/24 MP: 8/12
  2042 | D:3      | Noticed Natasha
  2045 | D:3      | Killed Natasha
  2045 | D:3      | Reached skill level 6 in Conjurations
  2265 | D:3      | Noticed an ogre
  2273 | D:3      | Killed an ogre
  2273 | D:3      | Reached XP level 5. HP: 27/28 MP: 4/14
  2281 | D:3      | Learned a level 4 spell: Iskenderun's Mystic Blast
  2308 | D:3      | Learned a level 5 spell: Iskenderun's Battlesphere
  2328 | D:3      | Noticed Natasha
  2336 | D:3      | Killed Natasha
  2336 | D:3      | Reached skill level 5 in Spellcasting
  2350 | D:3      | Noticed Natasha
  2354 | D:3      | Killed Natasha
  2354 | D:3      | Reached skill level 1 in Charms
  2635 | D:3      | Reached XP level 6. HP: 32/32 MP: 10/15
  2695 | D:3      | Reached skill level 7 in Conjurations
  2865 | D:4      | Noticed Blork the orc
  3607 | D:4      | Killed Blork the orc
  3718 | D:4      | Got a fine dagger
  3728 | D:4      | Noticed Robin
  3965 | D:4      | Killed Robin
  4043 | D:4      | Noticed Grinder
  4048 | D:4      | Killed Grinder
  4048 | D:4      | Reached skill level 8 in Conjurations
  4048 | D:4      | Reached XP level 7. HP: 36/36 MP: 7/18
  4138 | D:4      | Found a bloodstained altar of Trog.
  4704 | D:5      | Entered Level 5 of the Dungeon
  4763 | D:5      | Found a shattered altar of Ashenzari.
  4873 | D:5      | Reached skill level 5 in Charms
  4934 | D:5      | Reached XP level 8. HP: 35/41 MP: 13/20
  5156 | D:5      | Reached skill level 9 in Conjurations
  5163 | D:5      | Gained mutation: Scrolls take you a little longer to read. [mutagenic meat]
  5164 | D:5      | Gained mutation: Your natural rate of healing is unusually fast. [mutagenic meat]
  5252 | D:5      | Got a shimmering flail
  5266 | D:5      | Found Bugaw's Book Emporium.
  5724 | D:6      | Found a staircase to the Ecumenical Temple.
  5750 | Temple   | Entered the Ecumenical Temple
  5780 | Temple   | Became a worshipper of Vehumet
  5968 | D:6      | Reached skill level 1 in Fighting
  6326 | D:6      | Reached skill level 10 in Conjurations
  6328 | D:6      | Reached XP level 9. HP: 47/47 MP: 11/22
  6402 | D:6      | Reached skill level 1 in Shields
  6415 | D:6      | Reached * piety under Vehumet
  6415 | D:6      | Offered knowledge of Sting by Vehumet.
  6619 | D:6      | Found a shattered altar of Ashenzari.
  6973 | D:7      | Noticed Pikel
  7163 | D:7      | Gained mutation: You have a pair of small horns on your head. [mutagenic meat]
  7164 | D:7      | Lost mutation: You have a pair of small horns on your head. [mutagenic meat]
  7165 | D:7      | Gained mutation: You expend magic power (3 MP) to strengthen your wands. [mutagenic meat]
  7166 | D:7      | Gained mutation: You are dopey. (Int -2) [mutagenic meat]
  7167 | D:7      | Lost mutation: Scrolls take you a little longer to read. [mutagenic meat]
  7285 | D:7      | Noticed Menkaure
  7289 | D:7      | Killed Menkaure
  7532 | D:7      | Killed Pikel
  7610 | D:7      | Reached skill level 5 in Dodging
  7759 | D:8      | Killed from afar by an electric eel

Skill      XL: |  1  2  3  4  5  6  7  8  9 |
---------------+----------------------------+-----
Conjurations   | 5 6 8 10 | 10.9
Spellcasting   | 4 5 6 7 8 |  8.8
Charms         | 1 4 5 6 8 |  8.2
Dodging        | 3 5 |  5.0
Fighting       | 1 3 |  3.0
Shields        | 2 |  2.5
Stealth        | |  2.4

Action                   |  1- 3 |  4- 6 |  7- 9 || total
-------------------------+-------+-------+-------++-------
Melee: Mace              |       |     1 |    60 ||    61
 Cast: Magic Dart        |    78 |   154 |   264 ||   496
       Iskenderun's Batt |       |     1 |    16 ||    17
  Use: Scroll            |       |     1 |     3 ||     4
  Eat: Chunk             |     2 |     7 |    22 ||    31
Armor: Robe              |       |     5 |    16 ||    21
Dodge: Dodged            |     9 |    23 |    63 ||    95
Block: Shield            |       |       |     9 ||     9
